Cogmind - Beta 15 @@@ ROGUE MODE // 2025.06.05 @ 17:42:29 Player: Wyvric Result: Destroyed by 1H-TWO(R) with Subdweller Beam Cannon Performance ------------- Evolutions (0) 0 Regions Visited (2) 400 Robots Destroyed (32) 160 Value Destroyed (981) 981 Prototype IDs (0) 0 Alien Tech Used (0) 0 Bonus (0) 0 TOTAL SCORE: 1541 Bonus ------- None Cogmind --------- Core Integrity 0/250 Matter 287/300 Energy 160/160 System Corruption 0% Temperature Cool (9) Movement Rolling (179) Ox7 Location -10/Subcaves Parts ------- > --- POWER (1) -------- Light Nuclear Core > --- PROPULSION (2) --- Wheel Subdweller Monowheel > --- UTILITY (2) ------ Humpback > --- WEAPON (2) ------- Subdweller Laser Assault Rifle > --- INVENTORY (35) --- Light Ion Engine Subdweller Power Source Subdweller Power Source Subdweller Power Source Subdweller Power Source Aluminum Leg Aluminum Leg Subdweller Monowheel Subdweller Monowheel Subdweller Monowheel Heat Sink Disposable Heat Sink High-capacity Storage Unit High-capacity Storage Unit Huge Storage Unit Humpback Structural Scanner Machine Analyzer Seismic Detector Power Bank Riot Gun Subdweller Laser Subdweller Laser Assault Rifle Assault Rifle Assault Rifle Battle Rifle Subdweller Machine Gun Subdweller Machine Gun Light Cannon Battle Cannon Subdweller Shrapnel Launcher Makeshift Hammer Peak State ------------ > --- POWER ------------ Light Nuclear Core > --- PROPULSION ------- Subdweller Monowheel Subdweller Monowheel > --- UTILITY ---------- Humpback > --- WEAPON ----------- Beam Cannon Subdweller Machine Gun > --- INVENTORY -------- Light Ion Engine Subdweller Power Source Subdweller Power Source Subdweller Power Source Aluminum Leg Aluminum Leg Wheel Subdweller Monowheel Heat Sink Disposable Heat Sink High-capacity Storage Unit High-capacity Storage Unit Huge Storage Unit Humpback Structural Scanner Machine Analyzer Seismic Detector Power Bank Subdweller Laser Subdweller Laser Assault Rifle Assault Rifle Assault Rifle Assault Rifle Subdweller Machine Gun Light Cannon Scrap Shield Fragment Scrap Shield Fragment Scrap Shield Fragment [Rating: 17] Favorites ----------- Power Light Nuclear Core Engine Ion Engine Power Core Light Nuclear Core Propulsion Light Treads Treads Light Treads Wheel Subdweller Monowheel Utility Humpback Device Heat Sink Storage Humpback Weapon Light Cannon Energy Gun Subdweller Laser Energy Cannon Beam Cannon Ballistic Gun Assault Rifle Ballistic Cannon Light Cannon Build | -11 -10 -10 ------- Run | Yrd Mat Sub Slots Evolved . | . . . Power . | . . . Propulsion . | . . . Utility . | . . . Weapon . | . . . Parts Attached 28 | 6 8 14 Power 4 | 1 1 2 Engine 3 | 1 1 1 Core 1 | . . 1 Reactor . | . . . Propulsion 10 | 2 . 8 Treads 2 | 2 . . Leg . | . . . Wheel 8 | . . 8 Hover . | . . . Flight . | . . . Utility 6 | 1 4 1 Device 1 | . 1 . Storage 5 | 1 3 1 Processor . | . . . Hackware . | . . . Protection . | . . . Artifact . | . . . Weapon 8 | 2 3 3 Energy Gun 1 | . . 1 Energy Cannon 1 | . . 1 Ballistic Gun 4 | 2 1 1 Ballistic Cannon 2 | . 2 . Launcher . | . . . Special Weapon . | . . . Impact Weapon . | . . . Slashing Weapon . | . . . Piercing Weapon . | . . . Special Melee Weapon . | . . . Unidentified Prototypes . | . . . Parts Lost 11 | . . 11 Power 2 | . . 2 Propulsion 6 | . . 6 Utility . | . . . Weapon 3 | . . 3 Highest Loss Streak 3 | . . 3 To Critical Strikes . | . . . Average Backups 20 | 4 15 24 Power 2 | . 1 3 Propulsion 5 | 2 5 4 Utility 6 | . 3 9 Weapon 5 | . 4 7 Tool/Special . | . . . Unused Backups 29 | . 1 28 Power 5 | . . 5 Propulsion 4 | . . 4 Utility 9 | . 1 8 Weapon 11 | . . 11 Tool/Special . | . . . Average Slot Usage (%) 91 | . 99 85 Engine 6 | . 14 . Core 7 | . . 12 Treads 12 | . 28 . Wheel 15 | . . 26 Device 6 | . 13 1 Storage 14 | . 14 14 Energy Cannon 7 | . . 12 Ballistic Gun 8 | . 9 8 Ballistic Cannon 11 | . 18 6 Peak Build Rating 17 | 6 9 17 Average Rating 11 | 5 8 14 On Entrance 5 | . 6 9 Naked Turns . | . . . Heaviest Build 212 | 11 52 212 Greatest Support 40 | 40 40 40 Greatest Overweight (x) 21 | . 1 21 Average Overweight (x) 6 | . . 10 Largest Inventory Capacity 35 | 8 20 35 Average Capacity 26 | 7 18 33 Most Carried 35 | 8 18 35 Average Carried 22 | 4 15 28 Final Capacity 35 | 8 20 35 Final Carried 34 | 8 18 34 Class Distribution -------------------- 51% | Mutant 48% | Hauler-Mutant Dominant Class ---------------- Mutant | -10/Materials Hauler-Mutant | -10/Subcaves Resources | -11 -10 -10 ----------- Run | Yrd Mat Sub Matter Collected 970 | 160 532 278 Remotely . | . . . Salvage Created 1138 | 19 834 285 Parts 62 | 3 39 20 Haulers Intercepted . | . . . Recyclers Shooed 4 | 1 3 . Parts Field Recycled . | . . . Retrieved Matter . | . . . Parts Self-Destructed . | . . . Prevented . | . . . Kills | -11 -10 -10 ------- Run | Yrd Mat Sub Combat Hostiles Destroyed 27 | . 19 8 Guns 7 | . 4 3 Cannons 20 | . 15 5 Classes Destroyed 8 | 1 5 2 Tunneler 1 | 1 . . Recycler 2 | . 2 . Mechanic 1 | . 1 . Watcher 1 | . 1 . Swarmer 3 | . 3 . Grunt 16 | . 16 . Artisan 1 | . . 1 Subdweller 8 | . . 8 Best Kill Streak 5 | 1 5 2 Combat Bots Only 5 | . 5 2 Max Kills in Single Turn 1 | 1 1 1 Gunslinging . | . . . Exploded . | . . . Melee . | . . . Uniques/NPCs Destroyed . | . . . Combat | -11 -10 -10 -------- Run | Yrd Mat Sub Hostile Shots Fired 120 | . 62 58 Missed 39 | . 20 19 Hits 81 | . 42 39 Projectile 81 | . 42 39 Damage Taken 1586 | . 492 1094 Core 252 | . 112 140 Absorbed by Shields . | . . . Core Remaining (%) 100 | 100 . . Volleys Fired 92 | 2 48 42 Largest 2 | 2 2 2 Hottest 90 | 40 60 90 Shots Fired 184 | 4 96 84 Gun 70 | 4 46 20 Cannon 114 | . 50 64 Launcher . | . . . Special . | . . . Kinetic 147 | 4 96 47 Thermal 37 | . . 37 Explosive . | . . . Electromagnetic . | . . . Robot Hit Streak 21 | 4 21 13 Robot Miss Streak 5 | . 2 5 Penetration Max . | . . . Secondary Targets . | . . . Shots Hit Robots 134 | 4 65 65 Core Hits 50 | 2 30 18 Critical Kills . | . . . Critical Parts Destroyed 1 | . 1 . Critical Strikes 6 | . 5 1 Destroy 1 | . 1 . Blast 5 | . 4 1 Melee Attacks . | . . . Impact . | . . . Slashing . | . . . Piercing . | . . . Sneak Attacks . | . . . Combat Hostiles . | . . . Follow-up Attacks . | . . . Damage Inflicted 2149 | 35 977 1137 Guns 713 | 35 421 257 Cannons 1436 | . 556 880 Explosions . | . . . Melee . | . . . Ramming . | . . . Kinetic 1660 | 35 977 648 Thermal 489 | . . 489 Explosive . | . . . Electromagnetic . | . . . Impact . | . . . Slashing . | . . . Piercing . | . . . Highest Corruption . | . . . Average Corruption . | . . . Corruption Purged . | . . . Corruption Blocked . | . . . Overload Shots . | . . . Overflow Damage . | . . . Projectiles . | . . . Explosions . | . . . Melee . | . . . Knockbacks 10 | . 3 7 Impact . | . . . Kinetic 10 | . 3 7 Secondary . | . . . Self-Inflicted Damage . | . . . Shots . | . . . Rammed . | . . . Targets Rammed . | . . . Kicked . | . . . Crushed . | . . . Highest Temperature 8 | . 8 . Average Temperature 2 | . 2 . Received Heat Transfer 378 | . 249 129 Siege Activations . | . . . Martial Activations . | . . . Shielding Activations . | . . . Robots Disrupted . | . . . Combat Hostiles . | . . . Robots Corrupted . | . . . Combat Hostiles . | . . . Parts Fried . | . . . Impact Corruptions . | . . . Robots Melted . | . . . Combat Hostiles . | . . . Parts Melted 1 | . . 1 Heat Transferred 1024 | . . 1024 Parts Sabotaged . | . . . Parts Stolen . | . . . Parts Stripped . | . . . Power Chain Reactions . | . . . Alert | -11 -10 -10 ------- Run | Yrd Mat Sub Maximum Alert Level 1 | . 1 . Low Security (%) 79 | 100 78 . Level 1 20 | . 21 . Level 2 . | . . . Level 3 . | . . . Level 4 . | . . . Level 5 . | . . . High Security . | . . . Max Security . | . . . Peak Influence 242 | 5 242 . Initial . | . . . Average 102 | . 110 . Influence Increases 566 | 5 561 . Destroy 0b10 Robot/C 380 | . 380 . Destroy 0b10 Robot/NC 25 | 5 20 . Destroy Leader 82 | . 82 . Successful Hack 19 | . 19 . Select Force Hacks 30 | . 30 . Lose Combat Pursuer 30 | . 30 . Influence Decreases 566 | 5 398 163 Entered New Map 79 | . . 79 Time Decay 457 | 5 398 54 Lost Part 30 | . . 30 Squads Dispatched 5 | . 5 . Investigation 3 | . 3 . Extermination . | . . . Reinforcement 2 | . 2 . Assault . | . . . Garrison . | . . . Intercept . | . . . Searches Triggered . | . . . Construction Impeded . | . . . Haulers Reinforced . | . . . Active Scanning Responses . | . . . Cargo Convoy Interrupts . | . . . Stealth | -11 -10 -10 --------- Run | Yrd Mat Sub Distress Signals 2 | . 2 . Communications Jammed . | . . . Distress Signals . | . . . Times Spotted 43 | . 28 15 Peak Tracking Total 3 | . 3 3 Tactical Retreats 6 | . 2 4 Traps | -11 -10 -10 ------- Run | Yrd Mat Sub Traps Triggered 7 | . 2 5 Indirectly . | . . . Trap Hack Attempts . | . . . Triggered . | . . . Disarmed . | . . . Reprogrammed . | . . . Reused . | . . . Traps Extracted . | . . . Installed . | . . . Triggered . | . . . Machines | -11 -10 -10 ---------- Run | Yrd Mat Sub Machines Disabled . | . . . Max in Single Turn . | . . . Machines Repaired . | . . . Machines Dismantled . | . . . Machines Sabotaged . | . . . Overloaded Fab Kills . | . . . Hacking | -11 -10 -10 --------- Run | Yrd Mat Sub Machines Accessed 8 | . 7 1 Terminals 6 | . 6 . Fabricators . | . . . Repair Stations . | . . . Recycling Units 1 | . 1 . Scanalyzers . | . . . Garrison Access . | . . . Total Hacks 20 | . 17 3 Successful 12 | . 9 3 Failed 8 | . 8 . Catastrophic 1 | . 1 . Database Lockouts . | . . . Manual 17 | . 17 . Terminals 16 | . 16 . Fabricators . | . . . Repair Stations . | . . . Recycling Units 1 | . 1 . Scanalyzers . | . . . Garrison Access . | . . . Terminal Hacks 3 | . . 3 Record 3 | . . 3 Fabricator Hacks . | . . . Repair Station Hacks . | . . . Recycling Unit Hacks . | . . . Scanalyzer . | . . . Garrison Access Hacks . | . . . Unauthorized Hacks 9 | . 9 . Terminals 8 | . 8 . Botnet 3 | . 3 . Skim 5 | . 5 . Fabricators . | . . . Repair Stations . | . . . Recycling Units 1 | . 1 . Tunnel 1 | . 1 . Scanalyzers . | . . . Garrison Access . | . . . Data Cores Recovered . | . . . Used . | . . . Hacking Detections 6 | . 6 . Full Trace Events . | . . . Feedback Events . | . . . Feedback Blocked . | . . . Robot Schematics Acquired . | . . . Robots Built . | . . . Authchips . | . . . Time . | . . . Total Robot Build Rating . | . . . Part Schematics Acquired . | . . . Parts Built . | . . . Authchips . | . . . Time . | . . . Total Part Build Rating . | . . . Parts Repaired . | . . . Time . | . . . Parts Recycled . | . . . Recycled Matter . | . . . Retrieved Matter . | . . . Retrieved Components . | . . . Parts Scanalyzed . | . . . Part Schematics Acquired . | . . . Parts Damaged . | . . . Bothacking | -11 -10 -10 ------------ Run | Yrd Mat Sub Used RIF Installer . | . . . Robots Hacked . | . . . Non-combat . | . . . Combat . | . . . Robot Hacks Applied . | . . . Relay Couplers Released . | . . . Fabnet Peak Effective % . | . . . Robots Rewired . | . . . Allies Hacked . | . . . Hacks Repelled . | . . . Allies | -11 -10 -10 -------- Run | Yrd Mat Sub Total Allies . | . . . Largest Group . | . . . Highest-Rated Group . | . . . Highest-Rated Ally . | . . . Total Orders . | . . . Ally Attacks . | . . . Total Damage . | . . . Kills . | . . . Allies Corrupted . | . . . Allies Melted . | . . . Intel | -11 -10 -10 ------- Run | Yrd Mat Sub Active Infowar (turns) . | . . . Robot Analysis Total . | . . . Derelict Logs Recovered . | . . . Drone Launches . | . . . Drone Recoveries . | . . . Exploration | -11 -10 -10 ------------- Run | Yrd Mat Sub Turns Passed 4149 | 137 1750 2262 Spaces Moved 1453 | 74 566 813 Core 3 | 3 . . Treads 652 | 71 566 15 Legs . | . . . Wheels 798 | . . 798 Hover . | . . . Flight . | . . . Fastest Speed 50 | 50 160 110 Average Speed 225 | 155 214 240 Slowest Speed 395 | 160 240 395 Overloaded Moves . | . . . Propulsion Burnouts . | . . . Robots Hopped . | . . . Potential Cave-ins 5 | . . 5 Cave-ins Triggered . | . . . Exploration Rate (%) 46 | 6 86 47 Regions Visited 2 Branch Regions 1 Pre-discovered Areas 1 | . 1 . Known Exits Taken . | . . . Unknown Exits Taken 2 | 1 1 . Scrap Searched 5 | . . 5 Spaces Dug . | . . . Terrain Destroyed . | . . . Melee . | . . . Projectile . | . . . AOE . | . . . Terrain Rammed . | . . . Walls Destroyed . | . . . Machines Disabled . | . . . Actions | -11 -10 -10 --------- Run | Yrd Mat Sub Total 2131 | 90 1008 1033 Wait 477 | . 368 109 Move 1451 | 73 565 813 Hop . | . . . Pick Up 66 | 9 12 45 Fast Attach 8 | 5 2 1 Attach 12 | 1 . 11 Detach . | . . . Swap 12 | . 7 5 Drop 13 | . 6 7 Fire 92 | 2 48 42 Melee . | . . . Ram . | . . . Kick . | . . . Crush . | . . . Escape Stasis . | . . . Rewire . | . . . Trap . | . . . Miscellaneous . | . . . Route ------- -11/Scrapyard -10/Materials (discovered 6 exits: [*Mat x3] / *Min x2 / *Sub) -10/Subcaves (discovered 2 exits: *Mat x2) History --------- Turn | Location | Event 63 | -11/Scrapyard | Discovered new exit (range 15) 138 | -11/Scrapyard | Entered Materials 308 | -10/Materials | Build established: Mutant 502 | -10/Materials | Discovered new exit (range 15) 784 | -10/Materials | Discovered new exit (range 6) 1005 | -10/Materials | Discovered new exit (range 15) 1106 | -10/Materials | Discovered new exit (range 11) 1183 | -10/Materials | Learned Storage emergency access door positions 1326 | -10/Materials | Loaded intel: 1 trap record 1358 | -10/Materials | Learned 4 Subcaves zone layouts 1400 | -10/Materials | Identified exit to Mines 1667 | -10/Materials | Discovered exit to Mines (range 5) 1888 | -10/Materials | Entered Subcaves 1889 | -10/Subcaves | Approached by a straggling Scientist 1889 | -10/Subcaves | Identified exit to Materials 1928 | -10/Subcaves | Ambushed by Subdweller buried in earth 1963 | -10/Subcaves | Lost 3 parts (1p2n) 2088 | -10/Subcaves | A Subdweller sparked back to life 2088 | -10/Subcaves | A Subdweller sparked back to life 2088 | -10/Subcaves | A Subdweller sparked back to life 2092 | -10/Subcaves | Core integrity fell below 50% 2122 | -10/Subcaves | Found Prototype Device 2140 | -10/Subcaves | Lost 3 parts (1p2n) 2416 | -10/Subcaves | Build established: Hauler-Mutant 3718 | -10/Subcaves | Visited Clippyterm 3730 | -10/Subcaves | Learned Factory garrison access intel 3855 | -10/Subcaves | Core integrity fell below 20% 4078 | -10/Subcaves | A swath of the cavern ceiling suddenly collapsed 4150 | -10/Subcaves | Destroyed by 1H-TWO(R) with Subdweller Beam Cannon Last Messages --------------- 03949_ Acquired Sub. Monowheel. 03952_ Acquired Sub. Laser. 03953_ Searching scrap... 03953_ Found Sub. Shrapnel Launcher. 03953_ Found 49 Matter. 03954_ Dropped Sub. Laser. 03957_ Acquired Sub. Shrapnel Launcher. 03959_ Searching scrap... 03959_ Found Riot Gun. 03959_ Found Battle Rifle. 03959_ Found 30 Matter. 03963_ Dropped Scrap Shield Fragment. 03964_ Acquired Riot Gun. 03967_ Acquired Battle Rifle. 03969_ Acquired Sub. Laser. 04067_ Dropped Broken Sub. Monowheel. 04068_ Acquired Battle Cannon. A swath of the cavern ceiling suddenly collapses. 04145_ Beam Cannon destroyed. Map ----- +----------------------------------------------------+ | ????????????????????????????????????????????????? | | ????????????????????????????????????????????????? | | ????????????????????????????????????????????????? | | ????????????????????????????????????????????????? | | ????????????????????????????????????????????????? | | ????????????????????????????????????????????????? | | ????????????????????????????????????????????????? | | ????????????????????????????????????????????????? | | ????????????????????????????????????????????????? | | ????????????????????????????????????????????????? | | ????????????????????????????????????????????????? | | ????????????????????????????????????????????????? | | ????????????????????????????????????????????????? | | ????????????????????????????????????????????????? | | ????????????????????????????????????????????????? | | ????????????????????????????????????????????????? | | ????????????????????????????????????????????????? | | ????????????????????????????????????????????????? | | ????????????????????????????????????????????????? | | ??????????????????????????????#?????????????????? | | ??????????????????????###?##? #?????????????????? | | ??????????????????????# ## # ## ##????????????? | | ??????????????????????# #????????????? | | ??????????????????????# #????????????? | | ??????????????????????#RR## % #????????????? | | ???????????????????#### @#????? #?????????? | | ??????????????????## ##???????? ?????????? | | ??????????????????# #?????????????????????? | | ?????????????????## ##???????????? ????????? | | ????????????????## #???????????? ?????????? | | ???????????????## ####??????????? ??????????? | | ??????????????## ##???????????? #??????????? | | ??????????????# #??????????? ##?????????? | | ??????????????# #????####?? ??????????? | | ??????????????## #????# ### ???????????? | | ???????????????## ###????# # ?????????????? | | ????????????????# ######### ?????????????? | | ????????????????## ## ## ?????????????? | | ?????????????????# #????????????##### | | ????????????????## #????????????##"" | | ????????????????# =###?????????##" " | | ????????????????### ####??????# ### | | ??????????????????# ##?????#" ##?? | | ??????????????????# ####??# #??? | | ??????????????????# & ## ##?#" ###? | | ????????????????### ## #?#"& "#? | | ???????????????## " ##### ####&""## | | ???????????????# ##" ##???# #### %& | | ???????????????# "#"###" ##????## ##!%"## | | ???????????????# ##""# ####??????# ##""##" | +----------------------------------------------------+ Best States ------------- Heat Dissipation 35 Energy Generation 14 Energy Capacity 250 Matter Stores 300 Matter Capacity 300 Sight Range 16 Terrain Scan Density 10 Evasion (%) 40 Recoil Reduction 2 Item Schematics ----------------- None Robot Schematics ------------------ None Fabricated ------------ Nothing Repaired ---------- Nothing Alien Tech Used ----------------- None Achievements -------------- None Challenges ------------ None Game ------ Seed SniperCooledHumpback Manual? 0 Play Time 00:17:52 Cumulative 677.8 hours Start 2025.06.05 @ 17:20:33 End 2025.06.05 @ 17:42:29 Sessions 1 Manual Loads 0 Difficulty Rogue Special Mode None Game No. 151 Rogue 151 Adventurer 0 Explorer 0 Win Type - Total 40 Types 11/6/7/2/1/1/8/2/1/1 Lore% 69 Gallery% 84 Achievement% 81 Wizard Run 0 Options --------- Layout 1 ASCII 0 Keyboard 0 Movement Numpad Keybinds 0 Fullscreen 2 Font 24/Smallcaps Map View 25x17 Zoom Use 11% Tactical HUD 1 Map Filters NONE Filters NONE Steam 1 RUN: 03e262b2-b449-4d79-b097-ff92bd84e1e0